 Dungeon Crawl Stone Soup version 0.22.1-1-ga44c0e5 (webtiles) character file.

147 Stepladder the Caller (level 5, -3/38 HPs)
             Began as a Merfolk Summoner on Oct 13, 2018.
             Slain by Duvessa
             ... wielding a +0 short sword
              (9 damage)
             ... on level 4 of the Dungeon.
             The game lasted 00:19:33 (4487 turns).

Stepladder the Caller (Merfolk Summoner)            Turns: 4487, Time: 00:19:33

Health: -3/38      AC:  6    Str:  9    XL:     5   Next: 29%
Magic:  3/8        EV: 12    Int: 17    God:
Gold:   119        SH:  0    Dex: 15    Spells: 5/8 levels left

rFire    . . .     SeeInvis .   e - +1 hunting sling
rCold    . . .     Gourm    .   (no shield)
rNeg     + . .     Faith    .   b - +1 ring mail
rPois    .         Spirit   .   (no helmet)
rElec    .         Reflect  .   o - scarf {cloud immunity}
rCorr    .         Harm     .   (no gloves)
MR       .....                  (no boots)
Stlth    +.........             (no amulet)
HPRegen  0.12/turn              n - ring of positive energy
MPRegen  0.11/turn              q - +3 ring of intelligence

@: very slightly contaminated
A: change form in water, swift swim, stealthy swim
a: no special abilities


You were on level 4 of the Dungeon.
You were hungry.

You visited 1 branch of the dungeon, and saw 4 of its levels.

You collected 119 gold pieces.

Inventory:

Hand Weapons
 e - a +1 hunting sling (weapon)
 h - a +0 mace
Missiles
 g - 74 stones (quivered)
 k - 10 poisoned needles
 t - 3 tomahawks of dispersal
Armour
 a - a +0 robe
 b - a +1 ring mail (worn)
 o - a scarf of cloud immunity (worn)
Jewellery
 n - a ring of positive energy (left hand)
 q - a +3 ring of intelligence (right hand)
Scrolls
 i - a scroll of remove curse
Potions
 d - a potion of cancellation {unknown}
 j - a potion of brilliance {unknown}
 l - 6 potions of curing
 m - a potion of mutation {unknown}
Comestibles
 c - 5 rations
 s - 2 chunks of flesh


   Skills:
 - Level 2.2 Fighting
 + Level 0.9 Armour
 + Level 4.6 Dodging
 - Level 2.1 Stealth
 - Level 2.0 Spellcasting
 + Level 4.9 Summonings


You had 5 spell levels left.
You knew the following spells:

 Your Spells              Type           Power        Failure   Level  Hunger
a - Summon Small Mammal   Summ           ###.         7%          1    #......
b - Call Imp              Summ           ###.....     11%         2    ###....

Your spell library contained the following spells:

 Spells                   Type           Power        Failure   Level  Hunger
 Call Canine Familiar     Summ           ###.....     22%         3    ###....
 Summon Guardian Golem    Hex/Summ       ##......     52%         3    ###....
 Summon Ice Beast         Ice/Summ       ##......     89%         4    #####..
 Summon Lightning Spire   Summ/Air       ##......     89%         4    #####..


Dungeon Overview and Level Annotations

Branches:
Dungeon (4/15)
 Temple: D:4-7

Altars:

Annotations:
D:3 Grinder, Ijyb, Sigmund
D:4 Duvessa, Pikel


Message History

Okay, then.
You feel much better. Duvessa hits you with a short sword. x2
Pikel the Slaver comes into view.
He is wielding a whip of flaming.
Pikel shouts!
You hear a shout!
Duvessa hits you but does no damage. Duvessa hits you with a short sword!
Wield which item (- for none, * to show all)? (? for menu, Esc to quit)
Okay, then.
As you read the scroll labeled QORAET ZYSHER, it crumbles to dust.
It is a scroll of enchant armour.
Your +0 ring mail glows green for a moment.
Duvessa misses you.
As you read the scroll labeled GUR NYCWAUK, it crumbles to dust.
The creatures around you are filled with an inner flame!
It was a scroll of immolation.
Duvessa closely misses you. Duvessa hits you with a short sword!
* * * LOW HITPOINT WARNING * * *
Duvessa rages.
Duvessa hits you with a short sword!
You die...

###.............#
#.........#####).
#.#.#####.# ###
########.#.# #.#
#........#.#####.######
#.########..............
#.# #..####.##.....
####.########..####.#
....
#.........@e......#..
..##
#.##.########.K##.##.#
..## #.##.# #......K##
#.##.# ##.##.##.# #.##.#
#.# # #.##.# #.# #
#.##.# #.##.##... #.##.#
#.....ยง... #.#
####.#....


You could see Pikel (inner flame) and Duvessa (berserk).

Vanquished Creatures
  Dowan (D:4)
  A hound skeleton (D:4)
  A gnoll (D:2)
  An adder (D:3)
  3 dart slugs (D:2)
  A leopard gecko (D:2)
  A ball python (D:3)
  3 bats
  5 giant cockroaches
  3 goblins
  4 jackals (D:3)
  3 kobolds (D:1)
  2 frilled lizards
  2 rats
31 creatures vanquished.

Vanquished Creatures (collateral kills)
  An iguana (D:3)
  3 adders
  2 gnolls (D:2)
  A leopard gecko (D:2)
  A ball python (D:1)
  A giant cockroach (D:1)
  A hobgoblin (D:1)
  4 jackals (D:2)
  3 kobolds (D:1)
  A bat (D:1)
  3 frilled lizards
  2 goblins
  2 rats
25 creatures vanquished.

Grand Total: 56 creatures vanquished

Notes
Turn   | Place    | Note
-------+----------+-------------------------------------------
     0 | D:1      | Stepladder the Merfolk Summoner began the quest for the
                  | Orb.
     0 | D:1      | Reached XP level 1. HP: 13/13 MP: 3/3
   562 | D:1      | Reached XP level 2. HP: 19/20 MP: 5/5
   566 | D:1      | Learned a level 2 spell: Call Imp
   615 | D:1      | Reached skill level 1 in Fighting
  1393 | D:1      | HP: 1/21 [kobold/whip (4)]
  2000 | D:2      | Reached XP level 3. HP: 19/26 MP: 6/6
  2666 | D:2      | Reached XP level 4. HP: 21/33 MP: 4/7
  3757 | D:3      | Noticed Grinder
  4162 | D:3      | Noticed Ijyb
  4164 | D:3      | Noticed Sigmund
  4369 | D:4      | Reached XP level 5. HP: 37/38 MP: 4/8
  4407 | D:4      | Noticed Dowan
  4446 | D:4      | Noticed Duvessa
  4463 | D:4      | Killed Dowan
  4481 | D:4      | Noticed Pikel
  4487 | D:4      | Slain by Duvessa

Skill      XL: |  1  2  3  4 |
---------------+-------------+-----
Dodging        | 3 4 |  4.6
Fighting       | 1 2 |  2.2
Armour         | |  0.9
Stealth        | |  2.1
Spellcasting   | |  2.0
Summonings     | |  4.9

Action                   |  1- 3 |  4- 6 || total
-------------------------+-------+-------++-------
Melee: Mace              |    46 |       ||    46
       Unarmed           |     6 |       ||     6
       Dagger            |   108 |       ||   108
 Fire: Hunting sling     |    18 |    62 ||    80
Throw: Stone             |     2 |       ||     2
 Cast: Summon Small Mamm |    10 |     2 ||    12
       Call Imp          |    19 |    18 ||    37
  Use: Scroll            |     5 |     2 ||     7
       Potion            |       |     3 ||     3
 Stab: Sleeping          |     1 |       ||     1
  Eat: Chunk             |     7 |     7 ||    14
Armor: Ring mail         |    37 |    20 ||    57
       Robe              |    17 |       ||    17
Dodge: Dodged            |   128 |    54 ||   182
